 Dungeon Crawl Stone Soup version 0.23.0 (webtiles) character file.

Game seed: 9388905903741112653

2630 GenChuck the Thaumaturge (level 9, -4/40 HPs)
             Began as a Spriggan Conjurer on Feb 14, 2019.
             Was a Believer of Sif Muna.
             Slain by an orc warrior
             ... wielding a +0 halberd
              (15 damage)
             ... on level 8 of the Dungeon on Feb 15, 2019.
             The game lasted 01:28:36 (10327 turns).

GenChuck the Thaumaturge (Spriggan Conjurer)       Turns: 10327, Time: 01:28:36

Health: -4/40      AC: 11    Str:  4    XL:     9   Next: 35%
Magic:  19/32      EV: 23    Int: 21    God:    Sif Muna [**....]
Gold:   409        SH:  0    Dex: 17    Spells: 8/26 levels left

rFire    . . .     SeeInvis +   m - +3 dagger (speed)
rCold    . . .     Gourm    .   (shield restricted)
rNeg     . . .     Faith    .   a - +0 robe
rPois    .         Spirit   .   (helmet restricted)
rElec    .         Reflect  .   y - +2 cloak
rCorr    .         Harm     .   (gloves unavailable)
MR       +....     Rnd*Rage +   (boots unavailable)
Stlth    ++++......             (no amulet)
HPRegen  0.13/turn              f - ring of magical power
MPRegen  0.23/turn              i - ring of wizardry

@: icy armour, very quick
A: very small, unfitting armour, see invisible, berserk 1, clever 1, herbivore,
speed 3, slow metabolism 2, wild magic 1, sturdy frame 1
a: Divine Energy, Renounce Religion


You were on level 8 of the Dungeon.
You worshipped Sif Muna.
Sif Muna was pleased with you.
You were not hungry.

You visited 2 branches of the dungeon, and saw 10 of its levels.

You collected 409 gold pieces.

Inventory:

Hand Weapons
 e - a +3 long sword
 k - a +2 whip of freezing
 m - a +3 dagger of speed (weapon)
 n - a +0 dagger of electrocution
Armour
 a - a +0 robe (worn)
 y - a +2 cloak (worn)
Jewellery
 f - a ring of magical power (left hand)
 i - a ring of wizardry (right hand)
 o - a cursed ring of teleportation {unknown}
Wands
 l - a wand of iceblast (9)
 q - a wand of acid (6)
 r - a wand of random effects (39)
 s - a wand of paralysis (9)
 w - a wand of flame (35)
Scrolls
 d - 5 scrolls of teleportation
 h - 2 scrolls of magic mapping
 j - 5 scrolls of remove curse
 p - 2 scrolls of enchant armour
 t - a scroll of fog
 A - a scroll of blinking
Potions
 b - 4 potions of curing
 g - a potion of brilliance {unknown}
 v - a potion of haste {unknown}
 x - a potion of lignification {unknown}
 z - a potion of heal wounds {unknown}
Comestibles
 c - 15 rations


   Skills:
 + Level 0.9 Fighting
 * Level 7.2 Dodging
 * Level 7.9 Stealth
 + Level 9.2 Spellcasting
 + Level 5.4 Conjurations
 + Level 0.1 Hexes
 + Level 3.1 Charms
 * Level 3.2 Summonings
 + Level 1.1 Translocations
 + Level 0.9 Ice Magic
 + Level 0.5 Poison Magic


You had 8 spell levels left.
You knew the following spells:

 Your Spells              Type           Power        Failure   Level  Hunger
a - Magic Dart            Conj           ####         1%          1    None
b - Searing Ray           Conj           #####.       1%          2    None
c - Call Imp              Summ           ####....     1%          2    None
d - Mephitic Cloud        Conj/Pois/Air  ###.....     6%          3    None
e - Slow                  Hex            ##......     6%          2    None
f - Blink                 Tloc           N/A          4%          2    None
g - Ozocubu's Armour      Chrm/Ice       ###.....     5%          3    None
h - Call Canine Familiar  Summ           ####....     3%          3    None

Your spell library contained the following spells:

 Spells                   Type           Power        Failure   Level  Hunger
 Summon Small Mammal      Summ           ####         1%          1    None
 Throw Frost              Conj/Ice       ####..       2%          2    None
 Freeze                   Ice            ###.         3%          1    None
 Conjure Flame            Conj/Fire      ####....     4%          3    None
 Dazzling Spray           Conj/Hex       ####..       4%          3    None
 Iskenderun's Mystic Bla  Conj           #####...     4%          4    ##.....
 Summon Guardian Golem    Hex/Summ       ###.....     6%          3    None
 Force Lance              Conj/Tloc      ####....     11%         4    ##.....
 Throw Icicle             Conj/Ice       ####....     11%         4    ##.....
 Fulminant Prism          Conj/Hex       ####......   12%         4    ##.....
 Summon Ice Beast         Ice/Summ       ###.....     16%         4    ##.....
 Summon Lightning Spire   Summ/Air       ###.....     19%         4    ##.....


Dungeon Overview and Level Annotations

Branches:
Dungeon (9/15)             Temple (1/1) D:4
   Lair: D:8-11         Orc: D:9-12

Altars:
Ashenzari
Cheibriados
Elyvilon
Fedhas
Gozag
Hepliaklqana
Makhleb
Nemelex Xobeh
Okawaru
Ru
Sif Muna
Trog
Uskayaw
Vehumet
Xom
Yredelemnul
Zin

Shops:
D:8 *

Annotations:
D:8 Grum


Innate Abilities, Weirdness & Mutations

You are very small and have problems with some larger weapons.
You are too small for most types of armour.
You have supernaturally acute eyesight. (SInv)
You are a herbivore.
You cover ground extremely quickly.
You need to consume almost no food.
You tend to lose your temper in combat.
Your mind is acute. (Int +2)
Your spells are a little harder to cast, but a little more powerful.
Your movements are slightly less encumbered by armour. (ER -2)


Message History

Casting: Magic Dart (safe; 1% risk of failure)
Confirm with . or Enter, or press ? or * to list all spells.
Aiming: Magic Dart (safe; 1% risk of failure)
Press: ? - help, Shift-Dir - straight line, f/p - orc warrior
Aim: an orc warrior, wielding a +0 halberd and wearing a +2 plate armour of cold resistance (lightly wounded)
The magic dart hits the orc warrior but does no damage.
The orc warrior is lightly wounded.
Casting: Magic Dart (safe; 1% risk of failure)
Confirm with . or Enter, or press ? or * to list all spells.
The orc warrior barely misses you.
Unknown command.
Casting: Call Canine Familiar (safe; 3% risk of failure)
Confirm with . or Enter, or press ? or * to list all spells.
Aiming: Magic Dart (safe; 1% risk of failure)
Press: ? - help, Shift-Dir - straight line, f/p - orc warrior
Aim: an orc warrior, wielding a +0 halberd and wearing a +2 plate armour of cold resistance (lightly wounded)
The magic dart hits the orc warrior.
The orc warrior is lightly wounded.
The orc warrior hits you from afar with a +0 halberd!
You die...

#.# #.##.# #..## #.# #.#
#.###.##.# #..#####.#
#h#### ##...h....#
#........# #.....
#......#### ##'#######
#....# ######## ##...##
##.#.# ##.....## ##....
### ##.......## ##.##.#
#.####.........####...#.#
#.)[)'o.@......'......h..
#.####..h......####...#.#
...# ##...)p..## ##.##.#
###.# ##.....##########.#
#o. ##...###.....p...#
..o ##'## #.###...... #..
#.# #.###[###.# ...# #.#
#..)..[...#
##.########p#####


You could see an orc warrior, a neutral freed slave (wandering) and a friendly
hound.

Vanquished Creatures
  Pikel (D:8)
  Maurice (D:8)
  2 ice beasts
  A slave (D:8)
  A necrophage (D:8)
  2 ogres
  A centaur (D:7)
  A bullfrog (D:6)
  A gnoll sergeant (D:8)
  A water moccasin zombie (D:7)
  4 scorpions
  3 wights (D:8)
  A howler monkey (D:4)
  3 crimson imps
  2 orc priests
  4 hounds
  A centaur skeleton (D:5)
  An iguana (D:4)
  3 orc wizards
  3 worker ants
  A hound skeleton (D:8)
  3 howler monkey zombies
  6 adders
  8 gnolls
  A shadow imp (D:7)
  An ooze (D:2)
  A worm (D:2)
  3 dart slugs
  3 leopard geckos
  17 orcs
  9 bats
  6 giant cockroaches
  9 hobgoblins
  12 jackals
  6 quokkas
  A ball python (D:8)
  3 frilled lizards
  3 goblins
  5 kobolds
  7 rats
142 creatures vanquished.

Vanquished Creatures (collateral kills)
  A scorpion (D:4)
  A hound (D:8)
  An orc priest (D:8)
  2 iguanas
  A worker ant (D:4)
  A worker ant zombie (D:5)
  An adder (D:4)
  A worm (D:5)
  8 orcs
  A jackal (D:5)
18 creatures vanquished.

Vanquished Creatures (others)
  A sky beast (D:8)
  A plant (D:2)
2 creatures vanquished.

Grand Total: 162 creatures vanquished

Notes
Turn   | Place    | Note
-------+----------+-------------------------------------------
     0 | D:1      | GenChuck the Spriggan Conjurer began the quest for the Orb.
     0 | D:1      | Reached XP level 1. HP: 9/9 MP: 5/5
   316 | D:1      | Reached XP level 2. HP: 13/13 MP: 1/6
   533 | D:1      | Reached skill level 3 in Spellcasting
   655 | D:1      | Gained mutation: Your spells are a little harder to cast,
                  | but a little more powerful. [potion of mutation]
   655 | D:1      | Gained mutation: You tend to lose your temper in combat.
                  | [potion of mutation]
   655 | D:1      | Gained mutation: Your mind is acute. (Int +2) [potion of
                  | mutation]
   655 | D:1      | Gained mutation: Your movements are slightly less
                  | encumbered by armour. (ER -2) [potion of mutation]
  1372 | D:2      | Reached XP level 3. HP: 14/16 MP: 0/8
  1579 | D:2      | Reached XP level 4. HP: 21/21 MP: 5/10
  1583 | D:2      | Learned a level 2 spell: Searing Ray
  1586 | D:2      | Reached skill level 4 in Spellcasting
  1912 | D:2      | Reached XP level 5. HP: 24/24 MP: 7/12
  3095 | D:3      | Found a faded altar of an unknown god.
  3415 | D:3      | Reached skill level 5 in Spellcasting
  3739 | D:3      | Learned a level 2 spell: Call Imp
  3743 | D:3      | Learned a level 3 spell: Mephitic Cloud
  3872 | D:3      | Found a glowing silver altar of Zin.
  3987 | D:4      | Reached XP level 6. HP: 28/28 MP: 15/15
  4047 | D:5      | Entered Level 5 of the Dungeon
  4436 | D:4      | Found a staircase to the Ecumenical Temple.
  4497 | Temple   | Entered the Ecumenical Temple
  4510 | Temple   | Became a worshipper of Sif Muna the Loreminder
  4859 | D:4      | Reached skill level 6 in Spellcasting
  4910 | D:4      | Learned a level 2 spell: Slow
  5745 | D:5      | Reached skill level 5 in Dodging
  5745 | D:5      | Reached XP level 7. HP: 32/32 MP: 17/17
  6646 | D:6      | Learned a level 2 spell: Blink
  6650 | D:6      | Learned a level 3 spell: Ozocubu's Armour
  6762 | D:6      | Reached skill level 5 in Stealth
  6803 | D:6      | Reached skill level 1 in Summonings
  7129 | D:6      | Reached skill level 7 in Spellcasting
  7220 | D:6      | Reached * piety under Sif Muna
  7350 | D:6      | Reached XP level 8. HP: 36/36 MP: 19/19
  7759 | D:7      | Reached skill level 1 in Translocations
  7765 | D:7      | Reached skill level 8 in Spellcasting
  7945 | D:7      | Found a hazy altar of Hepliaklqana.
  8260 | D:7      | You fall through a shaft!
  8274 | D:8      | Reached skill level 5 in Conjurations
  8625 | D:8      | Reached ** piety under Sif Muna
  8810 | D:8      | Found a hide-covered altar of Uskayaw.
  8828 | D:8      | Found Limnyar's General Store.
  8829 | D:8      | Noticed Maurice
  8846 | D:8      | Killed Maurice
  8849 | D:8      | Reached XP level 9. HP: 31/40 MP: 9/22
  8993 | D:9      | Found a basalt altar of Yredelemnul.
  9122 | D:8      | Noticed Grum
  9306 | D:9      | Found a sparkling altar of Nemelex Xobeh.
  9622 | D:8      | Found a burning altar of Makhleb.
  9842 | D:8      | Learned a level 3 spell: Call Canine Familiar
 10036 | D:8      | Noticed Pikel
 10070 | D:8      | Killed Pikel
 10070 | D:8      | Reached skill level 9 in Spellcasting
 10327 | D:8      | Slain by an orc warrior

Skill      XL: |  1  2  3  4  5  6  7  8  9 |
---------------+----------------------------+-----
Conjurations   | 3 4 5 |  5.4
Spellcasting   | 3 4 5 6 7 8 9 |  9.2
Stealth        | 4 5 6 7 |  7.9
Dodging        | 4 5 6 7 |  7.2
Summonings     | 2 3 |  3.2
Charms         | 2 3 |  3.1
Translocations | 1 |  1.1
Fighting       | |  0.9
Hexes          | |  0.1
Ice Magic      | |  0.9
Poison Magic   | |  0.5

Action                   |  1- 3 |  4- 6 |  7- 9 || total
-------------------------+-------+-------+-------++-------
Melee: Club              |     1 |     3 |       ||     4
       Dagger            |       |     3 |     1 ||     4
 Cast: Magic Dart        |    66 |   175 |   215 ||   456
       Searing Ray       |       |     6 |    18 ||    24
       Call Imp          |       |    11 |    21 ||    32
       Mephitic Cloud    |       |     3 |     2 ||     5
       Slow              |       |     1 |       ||     1
       Blink             |       |       |     7 ||     7
       Ozocubu's Armour  |       |       |    23 ||    23
       Call Canine Famil |       |       |     6 ||     6
Invok: Divine Energy     |       |       |     1 ||     1
       Stop Divine Energ |       |       |     1 ||     1
Evoke: Wand              |       |       |     2 ||     2
  Use: Scroll            |     3 |     6 |     7 ||    16
       Potion            |     3 |     6 |       ||     9
  Eat: Ration            |       |     1 |     2 ||     3
Armor: Robe              |       |     3 |    15 ||    18
Dodge: Dodged            |    12 |    40 |   128 ||   180
